Map: Ulrena

Players

Polt

  • Race: Terran Terran

Soulkey - Winner!

  • Race: Zerg Zerg

Event: IEM Season 10 - Taipei

VOD

https://www.youtube.com/watch?v=s9vVC-iyAv8

Description

Time

  • Played on: Jan. 31, 2016, 10:31 p.m.
  • Length: 11:12

All games in this series

Show
View Real Time Build Order
Export as new Build Order

Polt Terran 

Build Orders: Reaper Expand, MMM Bio 

Get SALT Encoding   

  12  0:00  SCV  
  13  0:12  SCV  
  14  0:17  Supply Depot  
  14  0:24  SCV  
  15  0:39  SCV, Barracks  
  16  0:44  Refinery  
  16  0:51  SCV  
  17  1:03  SCV  
  18  1:15  SCV  
  19  1:27  Orbital Command  
  19  1:28  Reaper  
  20  1:40  Command Center  
  20  1:51  Supply Depot  
  20  1:52  SCV  
  21  1:59  Marine  
  22  2:05  SCV  
  22  2:07  Factory  
  23  2:13  Refinery  
  23  2:17  SCV  
  23  2:21  Barracks Reactor  
  24  2:29  SCV  
  25  2:41  SCV  
  26  2:52  Factory Tech Lab  
  26  2:53  SCV  
  26  2:56  Starport  
  26  3:00  Marine x2  
  26  3:05  SCV  
  29  3:12  Orbital Command  
  29  3:14  Bunker  
  29  3:17  SCV  
  29  3:18  Marine x2, Siege Tank  
  35  3:29  SCV  
  36  3:37  Marine x2  
  36  3:38  SCV  
  36  3:39  Medivac  
  41  3:41  SCV  
  41  3:43  Supply Depot  
  42  3:50  SCV  
  42  3:53  SCV  
  42  3:55  Barracks  
  44  4:02  SCV  
  45  4:03  Barracks  
  45  4:05  SCV  
  45  4:07  Supply Depot, Stimpack  
  45  4:09  Marine  
  47  4:16  SCV  
  48  4:18  Factory Reactor, Starport Reactor, SCV  
  49  4:28  SCV  
  49  4:30  Supply Depot, SCV  
  51  4:31  Marine  
  52  4:40  SCV  
  52  4:42  SCV  
  52  4:45  Command Center  
  53  4:50  Supply Depot  
  53  4:52  Supply Depot  
  53  4:54  SCV x2  
  53  4:59  Marine x3  
  58  5:04  Factory Reactor  
  58  5:06  SCV x2  
  60  5:10  Medivac x2  
  64  5:14  Refinery x2  
  64  5:20  Engineering Bay  
  64  5:21  Engineering Bay  
  63  5:22  SCV  
  63  5:24  SCV  
  65  5:34  SCV  
  66  5:36  Marine x2, SCV  
  66  5:37  Marine x3  
  66  5:41  Widow Mine x2  
  76  5:47  Barracks  
  76  5:49  Starport Reactor, Barracks  
  76  5:55  SCV x2  
  77  6:05  Marine x5  
  77  6:07  Terran Infantry Armor Level 1, Terran Infantry Weapons Level 1  
  77  6:08  SCV x2  
  84  6:13  Combat Shields  
  84  6:14  Widow Mine  
  84  6:15  Widow Mine  
  88  6:20  SCV x2  
  89  6:29  Orbital Command  
  89  6:32  SCV x2  
  91  6:37  Marauder, Barracks Tech Lab, Marine x4  
  97  6:40  Marine x2  
  97  6:44  SCV x2  
  101  6:49  Armory  
  101  6:57  Medivac, Viking, Supply Depot  
  101  6:59  Supply Depot  
  101  7:00  SCV x3  
  108  7:03  Marine  
  109  7:18  Widow Mine x2  
  109  7:19  Supply Depot, Barracks  
  109  7:20  Supply Depot, Barracks  
  109  7:21  Barracks  
  113  7:27  Marauder x2  
  113  7:28  Marine x2  
  113  7:29  Marine x2  
  121  7:30  Marine  
  121  7:31  Marine  
  121  7:35  Medivac  
  121  7:36  Concussive Shells  
  124  7:40  Medivac, Supply Depot  
  124  7:42  Supply Depot  
  126  7:56  Marauder, Marine x6  
  126  7:57  Marauder  
  136  8:00  Liberator x2  
  136  8:01  Supply Depot  
  136  8:02  Supply Depot  
  136  8:04  Supply Depot  
  136  8:08  Terran Infantry Weapons Level 2, Terran Infantry Armor Level 2  
  142  8:23  Widow Mine x2  
  142  8:25  Supply Depot  
  146  8:30  Marine x5  
  146  8:31  Marauder x2, Marine  
  146  8:33  Barracks Tech Lab  
  146  8:34  Barracks Tech Lab, Barracks Reactor  
  156  8:45  Liberator x2  
  156  8:50  Marine x6  
  156  8:52  Marauder x2  
  164  8:59  Marauder x2  
  171  9:07  Refinery  
  171  9:08  Refinery  
  171  9:09  Marine  
  170  9:10  Marine x5  
  170  9:13  Marauder x2  
  170  9:20  Marauder  
  170  9:24  Marauder, Marine  
  170  9:25  Marine  
  170  9:27  Marine x3  
  170  9:28  Marine  
  170  9:29  Marine  
  170  9:31  Marine  
  178  9:35  Marauder x2  
  173  9:39  Missile Turret  
  173  9:41  Marauder  
  147  9:50  Marauder, Marine x4  
  145  9:56  Marauder x2  
  136  10:03  Marauder  
  134  10:10  Medivac x2  
  130  10:15  Missile Turret  
  129  10:21  Marine  
  129  10:22  Marauder x2  
  129  10:28  Marauder  
  136  10:31  Marine x4  
  136  10:35  SCV x2  
  140  10:40  Missile Turret  
Show
View Real Time Build Order
Export as new Build Order

Soulkey Zerg - Winner!

Build Orders: Pool First 

Get SALT Encoding   

  12  0:00  Drone  
  13  0:12  Overlord  
  13  0:17  Drone  
  14  0:31  Drone x2  
  14  0:34  Drone  
  17  0:45  Spawning Pool  
  17  0:46  Extractor  
  15  0:50  Drone  
  16  1:12  Hatchery  
  16  1:16  Drone  
  16  1:32  Zergling x2, Queen  
  19  1:43  Drone  
  20  1:50  Metabolic Boost  
  20  1:52  Overlord  
  20  2:00  Drone  
  20  2:01  Drone  
  22  2:11  Queen  
  24  2:25  Queen  
  26  2:31  Drone x2  
  26  2:32  Drone  
  29  2:42  Drone x2  
  31  2:45  Drone  
  31  2:46  Overlord  
  32  2:51  Drone  
  32  2:56  Drone x2  
  34  3:06  Overlord  
  34  3:08  Queen  
  34  3:11  Zergling x4  
  38  3:15  Zergling x2  
  39  3:21  Zergling x8  
  44  3:27  Drone  
  44  3:34  Zergling x8  
  48  3:43  Hatchery  
  47  3:49  Drone x3  
  47  3:51  Overlord  
  50  3:56  Drone x2  
  50  4:02  Extractor  
  51  4:08  Drone, Overlord  
  52  4:15  Drone x3  
  54  4:29  Drone x2  
  54  4:30  Drone  
  57  4:35  Extractor  
  57  4:37  Zergling x4  
  57  4:39  Drone  
  57  4:41  Lair  
  57  4:43  Roach Warren  
  56  4:50  Drone x4  
  60  4:55  Overlord  
  60  5:06  Overlord  
  60  5:09  Drone x4  
  60  5:13  Evolution Chamber  
  60  5:14  Evolution Chamber  
  62  5:15  Drone x2  
  62  5:16  Drone x2  
  62  5:17  Drone  
  66  5:25  Drone  
  66  5:26  Overlord  
  67  5:30  Drone x4  
  67  5:31  Drone x3  
  67  5:35  Overlord  
  74  5:39  Extractor  
  74  5:40  Zerg Ground Armor Level 1, Zerg Missile Weapons Level 1  
  74  5:41  Glial Reconstitution  
  73  5:44  Roach  
  73  5:49  Roach x2  
  79  5:51  Drone x2  
  81  6:01  Roach  
  81  6:02  Roach  
  85  6:06  Drone x3  
  85  6:09  Roach x4, Extractor  
  85  6:10  Ravager, Overlord  
  96  6:15  Ravager  
  96  6:16  Overlord  
  96  6:20  Overlord x2  
  96  6:28  Overlord  
  96  6:31  Ravager x2  
  98  6:34  Overlord x2  
  98  6:40  Drone x4  
  98  6:41  Extractor  
  98  6:43  Drone x2  
  98  6:44  Drone x2  
  105  6:47  Burrow  
  105  6:48  Roach x2  
  105  6:52  Drone  
  110  7:03  Roach x5  
  110  7:04  Hatchery  
  110  7:05  Overseer  
  110  7:06  Ravager x2  
  118  7:12  Overlord  
  118  7:14  Roach x2  
  122  7:19  Tunneling Claws  
  122  7:21  Overlord, Roach  
  122  7:22  Overlord  
  124  7:23  Roach x2  
  124  7:25  Roach  
  124  7:27  Zergling x2  
  124  7:28  Zergling x4  
  133  7:40  Zerg Missile Weapons Level 2  
  133  7:41  Roach x3  
  139  7:44  Roach x2  
  139  7:45  Roach  
  139  7:46  Zergling x12  
  139  7:49  Ravager  
  139  7:50  Overlord  
  152  7:56  Overlord  
  152  8:01  Roach x2  
  152  8:02  Ravager  
  152  8:05  Overseer  
  152  8:15  Roach x2  
  152  8:18  Ravager x2  
  158  8:22  Overlord  
  158  8:24  Roach x3  
  158  8:26  Queen  
  166  8:27  Drone  
  166  8:28  Drone x7  
  166  8:29  Overlord x2  
  166  8:30  Roach x19  
  171  8:38  Zerg Ground Armor Level 2  
  173  8:41  Roach x2  
  173  8:43  Overlord x3  
  173  8:47  Overlord  
  173  8:51  Overlord x2  
  173  8:58  Ravager x4  
  173  8:59  Ravager, Roach  
  173  9:00  Overlord, Roach  
  173  9:01  Overlord  
  182  9:04  Extractor  
  182  9:05  Extractor  
  182  9:06  Roach x3  
  186  9:10  Roach x2  
  186  9:11  Roach  
  186  9:14  Roach x18  
  186  9:15  Roach  
  186  9:16  Roach x2  
  198  9:17  Ravager  
  197  9:35  Roach  
  197  9:42  Roach x7  
  197  9:44  Roach x7  
  182  9:50  Roach  
  157  9:59  Roach  
  153  10:00  Roach x14  
  160  10:10  Roach x4  
  156  10:15  Roach x3  
  156  10:16  Roach x6  
  156  10:19  Queen  
  172  10:21  Ravager x2  
  172  10:22  Ravager x4  
  172  10:27  Ravager, Roach x2  
  172  10:28  Roach x4  
  185  10:29  Roach x2  
  185  10:39  Roach  
  185  10:40  Ravager, Roach x6  
  200  10:42  Roach x2  

Tags
 
Add a new tag
Caveats
  • Supply blocks, unpowered buildings, or Contaminate may cause inaccurate times.
  • Supply counts are checked every 10 seconds.